 Dungeon Crawl Stone Soup version 0.17-a0-1910-g4c791fa (webtiles) character file.

98 wvc the Cudgeler (level 4, 0/35 HPs)
             Began as a Mummy Chaos Knight on Sept 25, 2015.
             Slain by an orc
             ... wielding a +3 falchion of flaming
              (3 damage)
             ... on level 3 of the Dungeon.
             The game lasted 00:03:16 (2289 turns).

wvc the Cudgeler (Mummy Chaos Knight)               Turns: 2289, Time: 00:03:17

Health: 0/35       AC:  6    Str: 15      XL:     4   Next: 43%
Magic:  4/4        EV: 11    Int: 11      God:    Xom [*.....]
Gold:   148        SH:  0    Dex: 10 (12) Spells: 0 memorised, 3 levels left

rFire  x . .     SeeInvis .     a - +0 mace (chaos)
rCold  + . .     Clarity  .     b - +2 leather armour
rNeg   + + +     SustAt   .     (no shield)
rPois  ∞         Gourm    .     (no helmet)
rElec  .         Spirit   .     (no cloak)
rCorr  .         Warding  .     e - +0 pair of gloves
rMut   .         Stasis   .     (no boots)
MR     .....                    (no amulet)
Stlth  +.........               (no ring)
                                (no ring)

@: not resistant to hostile enchantments, very unstealthy
A: no food or potions, fire vulnerability, cold resistance 1, negative energy
resistance 3, torment resistance, unbreathing
a: Renounce Religion


You were on level 3 of the Dungeon.
You worshipped Xom.
You were a special plaything of Xom.
You were not hungry.

You visited 1 branch of the dungeon, and saw 3 of its levels.

You collected 148 gold pieces.

Inventory:

Hand weapons
 a - a +0 mace of chaos (weapon)
Armour
 b - a +2 leather armour (worn)
 e - a +0 pair of gloves (worn)
Jewellery
 i - an uncursed ring of teleportation
Scrolls
 d - a scroll of remove curse
 g - a scroll of teleportation


   Skills:
 - Level 3.0 Fighting
 * Level 4.3 Maces & Flails
 - Level 1.5 Armour
 - Level 0.7 Dodging


You had 3 spell levels left.
You didn't know any spells.

Dungeon Overview and Level Annotations

Branches:
Dungeon (3/15)

Altars:
Kikubaaqudgha
Qazlal
Xom


Innate Abilities, Weirdness & Mutations

You do not eat or drink.
Your flesh is vulnerable to fire.
You are immune to poison.
Your flesh is cold resistant.
You are immune to negative energy.
You are immune to unholy pain and torment.
You can survive without breathing.


Message History

The orc burns you.
You hit the adder.
The adder is lightly wounded.
The adder bites you but does no damage.
The orc hits you with a falchion of flaming.
The orc burns you. The adder closely misses you. The adder barely misses you.
The adder bites you but does no damage.
You hit the orc.
The orc flickers and vanishes!
Deactivating autopickup; reactivate with Ctrl-A.
Something hits you.
* * * LOW HITPOINT WARNING * * *
Something burns you.
* * * LOW HITPOINT WARNING * * *
You completely miss something. Something hits you.
* * * LOW HITPOINT WARNING * * *
Something burns you.
* * * LOW HITPOINT WARNING * * *
You hit something. Something hits you.
You die...

..... .# ......
.#######
......###.#......
.................
......#..........
#.......##......
#.#####.....# ##.#
####..#.##. ##..#
#.@{S.....#
###...###.#####.#...
.##...#.#...# .# .
..........### .
...###.### # #.#
...####.# #.
........####....
.##.##.......... ##


You could see an adder.

Vanquished Creatures
  Jessica (D:2)
  2 adders (D:2)
  2 giant geckos
  2 giant cockroaches
  9 hobgoblins
  3 jackals (D:2)
  6 bats
  3 giant newts
  9 goblins
  8 kobolds
  A quokka (D:2)
  9 rats
55 creatures vanquished.

Notes
Turn   | Place    | Note
--------------------------------------------------------------
     0 | D:1      | wvc the Mummy Chaos Knight began the quest for the Orb.
     0 | D:1      | Reached XP level 1. HP: 18/18 MP: 1/1
    20 | D:1      | XOM: harmless Air miscast
   145 | D:1      | XOM: harmless Hex miscast
   235 | D:1      | Reached XP level 2. HP: 13/24 MP: 2/2
   359 | D:1      | XOM: silly message
   674 | D:1      | XOM: medium Necr miscast
   742 | D:1      | XOM: harmless Tloc miscast
   891 | D:2      | XOM: repel stairs
  1054 | D:2      | Reached XP level 3. HP: 27/29 MP: 3/3
  1082 | D:2      | XOM: mild Summ miscast
  1278 | D:2      | Found a stormy altar of Qazlal.
  1291 | D:2      | XOM: blink monster(s)
  1623 | D:2      | Reached skill level 4 in Maces & Flails
  1772 | D:2      | Found an ancient bone altar of Kikubaaqudgha.
  1781 | D:2      | Noticed Jessica
  1792 | D:2      | Killed Jessica
  1792 | D:2      | Reached XP level 4. HP: 30/35 MP: 4/4
  1976 | D:2      | XOM: scenery: create altars
  2289 | D:3      | Slain by an orc

Vault maps used:
D:1:      eino_arrival_water_cross, minmay_close_crescents
D:2:      overflow_temple_1_default, lemuel_doored_altar, st_stairs_11,
          grunt_ministairs_8, uniq_jessica
D:3:      lemuel_coloured_pillars_altar, overflow_temple_1_default

Action                   |  1- 3 |  4- 6 || total
-------------------------+-------+-------++-------
Melee: Mace              |   158 |    37 ||   195
  Use: Scroll            |     4 |     5 ||     9
 Stab: Sleeping          |     2 |       ||     2
       Paralysed         |     1 |       ||     1
